 Dungeon Crawl Stone Soup version bcrawl-1.41.1 (webtiles) character file.

Game seed: 6182664719937322955

128963 Grimmash the Ducker (level 5, 39/41 HPs)
             Began as a Minotaur Archaeologist on Apr 20, 2024.
             Quit the game on level 4 of the Dungeon.
             The game lasted 00:03:06 (3514 turns).

Grimmash the Ducker (Minotaur Archaeologist)        Turns: 3514, Time: 00:03:06

Health: 39/41      AC:  6    Str: 16    XL:     5   Next: 57%
Magic:  4/4        EV: 12    Int: 11    God:
Gold:   1114       SH:  4    Dex:  9    Spells: 4/4 levels left

rFire    . . .     GDR:     23% a - +0 mace
rCold    . . .     SeeInvis .   p - +0 buckler
rNeg     . . .     Gourm    .   c - +1 robe
rPois    +         Faith    .   d - +1 hat
rElec    .         Spirit   .   (no cloak)
rCorr    .         Reflect  .   (no gloves)
MR       .....                  n - +1 pair of boots
Stlth    ++........             (no amulet)
HPRegen  0.16/turn              k - ring of poison resistance
MPRegen  0.09/turn              (no ring)

@: no status effects
A: retaliatory headbutt, horns 2
a: no special abilities


You were on level 4 of the Dungeon.
You were very hungry.

You visited 1 branch of the dungeon, and saw 4 of its levels.

You collected 1114 gold pieces.

Inventory:

Hand Weapons
 a - a +0 mace (weapon)
 b - a +0 hunting sling
 y - a +0 blowgun
Missiles
 f - 6 curare-tipped needles
 B - 466 stones (quivered)
 C - 472 sling bullets
Armour
 c - a +1 robe (worn)
 d - a +1 hat (worn)
 n - a +1 pair of boots (worn)
 p - a +0 buckler (worn)
Jewellery
 k - a ring of poison resistance (left hand)
 A - an uncursed amulet of regeneration {unknown}
Scrolls
 g - 2 scrolls of revelation
 i - 4 scrolls of identify
 j - 2 scrolls of enchant armour {unknown}
 o - a scroll of fear {unknown}
 r - a scroll of immolation {unknown}
 s - 5 scrolls of amnesia {unknown}
 u - 4 scrolls of remove curse {unknown}
 v - a scroll of teleportation {unknown}
 x - 3 scrolls of fog {unknown}
 D - a scroll of blinking {unknown}
Potions
 l - a potion of degeneration {unknown}
 m - a potion of flight {unknown}
 q - a potion of lignification {unknown}
 t - 2 potions of curing {unknown}
 w - a potion of invisibility {unknown}
 z - a potion of ambrosia {unknown}
Comestibles
 e - 8 rations {!d}


   Skills:
 * Level 2.3 Fighting
 * Level 3.0 Maces & Flails
 + Level 0.7 Slings
 * Level 2.4 Armour
 * Level 4.5 Dodging
 + Level 3.2 Stealth
 * Level 1.8 Shields


You had 4 spell levels left.
You didn't know any spells.
Your spell library contained the following spells:

 Spells                   Type           Power        Failure   Level  Hunger
 Summon Small Mammal      Summ           #...         63%         1    None
 Call Imp                 Summ           #.....       77%         2    ####...
 Call Canine Familiar     Summ           #.......     94%         3    #####..
 Summon Ice Beast         Ice/Summ       #.......     100%        4    ######.
 Summon Lightning Spire   Summ/Air       #.......     100%        5    #######


Dungeon Overview and Level Annotations

Branches:
Dungeon (4/12)             Temple (0/1) D:4

Altars:
Gozag
Lugonu
Xom
Yredelemnul

Shops:
D:2 *


Innate Abilities, Weirdness & Mutations

You reflexively headbutt those who attack you in melee.
You have a pair of horns on your head.


Message History

The adder is lightly wounded.
You block the adder's attack. The adder misses you.
You hit the adder but do no damage.
The adder is lightly wounded.
The adder bites you.
You hit the adder.
The adder is moderately wounded.
The adder bites you. The adder barely misses you. You furiously retaliate!
You headbutt the adder! You miss the adder.
The adder is almost dead.
The adder bites you but does no damage. The adder misses you.
You miss the adder. Your headbutt misses the adder.
The adder is almost dead.
The adder bites you but does no damage. The adder barely misses you.
You furiously retaliate!
You headbutt the adder.
You kill the adder!
There is a staircase to the Ecumenical Temple here.
There is a staircase to the Ecumenical Temple here.
Are you sure you want to abandon this character and quit the game? (Confirm with "yes".)

...............#........#
..........#....####.....#
...#.###..##.#.# #.....#
.. ## ##.###### #####.##
. #.# #..# ###.### #...
###'### ########.##
.#####⌠.⌠#####.....##.#
.....+.@.#.....###.##.##
######⌠.⌠####### #.##...
###'### #(...## ###.###
#....# #.# ###..## ##.#
#.... #..# #.... #.##
##### #.#


There were no monsters in sight!

Vanquished Creatures
  A crimson imp (D:4)
  A jelly (D:4)
  A bullfrog skeleton (D:4)
  3 adders
  A worm (D:3)
  2 dart slugs
  4 leopard geckos
  4 orcs
  2 ball pythons
  6 bats
  4 giant cockroaches
  2 goblins
  5 hobgoblins
  16 jackals
  3 frilled lizards
  A jackal skeleton (D:3)
  10 kobolds
  5 rats (D:1)
71 creatures vanquished.

Notes
Turn   | Place    | Note
-------+----------+-------------------------------------------
     0 | D:1      | Grimmash the Minotaur Archaeologist began the quest for the
                  | Orb.
     0 | D:1      | Reached XP level 1. HP: 16/16 MP: 0/0
   173 | D:1      | Reached XP level 2. HP: 17/23 MP: 1/1
   539 | D:1      | Reached XP level 3. HP: 22/28 MP: 2/2
   541 | D:1      | Reached skill level 1 in Armour
  1056 | D:2      | Reached skill level 4 in Dodging
  1166 | D:2      | Found an opulent altar of Gozag.
  1183 | D:2      | Found Gozag's Platinum Reserve.
  2124 | D:3      | Reached XP level 4. HP: 31/36 MP: 3/3
  3268 | D:4      | Found a staircase to the Ecumenical Temple.
  3283 | D:4      | Found a corrupted altar of Lugonu.
  3330 | D:4      | Reached skill level 1 in Shields
  3337 | D:4      | Reached XP level 5. HP: 29/41 MP: 4/4
  3337 | D:4      | Identified a scroll of acquirement
  3337 | D:4      | Identified the +4 lajatang of Boetuor {drain, rF+ MR+ Str-3
                  | Dex+2} (You acquired it on level 4 of the Dungeon)
  3337 | D:4      | Identified the amulet of Cowardice {RegenMP +Blink Str+5
                  | Dex+3} (You acquired it on level 4 of the Dungeon)
  3375 | D:4      | Found a basalt altar of Yredelemnul.
  3405 | D:4      | Found a shimmering altar of Xom.
  3514 | D:4      | Quit the game

Skill      XL: |  1  2  3  4  5 |
---------------+----------------+-----
Stealth        | 3 |  3.2
Armour         | 1 2 |  2.4
Dodging        | 4 |  4.5
Maces & Flails | 2 3 |  3.0
Fighting       | 2 |  2.3
Shields        | 1 |  1.8
Slings         | |  0.7

Action                   |  1- 3 |  4- 6 || total
-------------------------+-------+-------++-------
Melee: Whip              |     9 |       ||     9
       Mace              |   112 |    63 ||   175
       Headbutt          |     8 |     5 ||    13
 Fire: Hunting sling     |       |    21 ||    21
  Use: Scroll            |     1 |     1 ||     2
 Stab: Sleeping          |     9 |       ||     9
  Eat: Chunk             |     8 |     5 ||    13
Armor: Robe              |    52 |    46 ||    98
Dodge: Dodged            |    75 |    55 ||   130
Block: Buckler           |     6 |    24 ||    30
